 Dungeon Crawl Stone Soup version 0.20.1-1-g8b1a95d (webtiles) character file.

87464 Sayu92 the Bludgeoner (level 15, -3/103 HPs)
             Began as a Gargoyle Fighter on Dec 14, 2017.
             Was a High Priest of Okawaru.
             Slain by a minotaur
             ... wielding the +1 great sword "Beetleslayer" {slice, rF- MP+9 SInv Stlth+}
              (12 damage)
             ... in a labyrinth on Dec 16, 2017.
             The game lasted 03:31:55 (28737 turns).

Sayu92 the Bludgeoner (Gargoyle Fighter)           Turns: 28737, Time: 03:31:56

Health: -3/103     AC: 40    Str: 26    XL:     15   Next: 90%
Magic:  20/21      EV: 10    Int:  9    God:    Okawaru [*****.]
Gold:   1794       SH:  3    Dex:  9    Spells: 14/14 levels left

rFire    + + .     SeeInvis +   S - +4 great mace (crush)
rCold    + . .     Gourm    .   (shield currently unavailable)
rNeg     + . .     Faith    .   m - +2 plate armour {rF+}
rPois    ∞         Spirit   .   j - +0 helmet
rElec    +         Reflect  +   K - scarf {rC+ rF+}
rCorr    .         Harm     .   J - +2 pair of gloves
MR       ++...                  G - +1 pair of boots
Stlth    ..........             T - +3 amulet of reflection
Regen    0.3/turn               a - ring of see invisible
MPRegen  0.2/turn               D - ring of Sloth {rPois MR+}

@: heroism
A: big wings, negative energy resistance 1, electricity resistance, unbreathing,
petrification resistance, rot immunity, AC +11
a: Fly, Heroism, Finesse, Renounce Religion


You were in a labyrinth.
You worshipped Okawaru.
Okawaru was extremely pleased with you.
You were not hungry.

You visited 4 branches of the dungeon, and saw 24 of its levels.
You also visited: Labyrinth and Sewer.

You collected 2666 gold pieces.
You spent 872 gold pieces at shops.

Inventory:

Hand Weapons
 S - a +4 great mace of crushing (weapon)
 V - a +5 morningstar of pain
Missiles
 n - 17 tomahawks (quivered)
 v - 8 tomahawks of returning
Armour
 j - a +0 helmet (worn)
 m - a +2 plate armour of fire resistance (worn)
 G - a +1 pair of boots (worn)
 J - a +2 pair of gloves (worn)
 K - a scarf of resistance (worn)
Jewellery
 a - a ring of see invisible (left hand)
 b - an uncursed ring of protection from magic
 i - an uncursed ring of protection from fire
 x - an uncursed amulet of harm
 D - the ring of Sloth (right hand) {rPois MR+}
   (You found it on level 6 of the Lair of Beasts)

   [ring of protection from magic]

   It protects you from poison.
   It affects your resistance to hostile enchantments.
 F - the amulet "Cixzawn" {rElec rF- Regen+ Dex+2}
   (You found it on level 5 of the Dungeon)

   [amulet of regeneration]

   It affects your dexterity (+2).
   It makes you vulnerable to fire.
   It insulates you from electricity.
   It increases your rate of regeneration.
 T - a +3 amulet of reflection (around neck)
 Y - an uncursed amulet of rage
Wands
 r - a wand of flame (32/48)
 B - a wand of lightning (5/15)
 C - a wand of acid (4/15)
 I - a wand of acid (7/15)
 P - a wand of disintegration (14/24)
 Q - a wand of iceblast (7/15)
 R - a wand of digging (9/24)
 X - a wand of polymorph (18/24)
Scrolls
 c - 4 scrolls of identify
 k - 11 scrolls of remove curse
 p - a scroll of fog
 q - 4 scrolls of fear
 s - a scroll of summoning
 u - 13 scrolls of teleportation
 w - 3 scrolls of immolation
 y - 2 scrolls of recharging
 H - 2 scrolls of magic mapping
 M - a scroll of blinking
 W - a scroll of silence {unknown}
 Z - a scroll of holy word {unknown}
Potions
 d - 6 potions of might
 e - a potion of invisibility
 h - a potion of cancellation
 l - 5 potions of curing
 o - a potion of haste {unknown}
 A - 6 potions of heal wounds
 E - a potion of berserk rage
 N - a potion of resistance
 O - a potion of ambrosia {unknown}
Books
 L - a book of Necromancy

   Spells                             Type                      Level
   a - Pain                           Necromancy                   1
   b - Animate Skeleton               Necromancy                   1
   c - Vampiric Draining              Necromancy                   3
   d - Regeneration                   Charms/Necromancy            3
   e - Animate Dead                   Necromancy                   4
   f - Control Undead                 Necromancy                   4
Miscellaneous
 t - a box of beasts
Comestibles
 f - 6 bread rations
 g - 24 fruits
 z - 24 royal jellies
 U - 3 meat rations


   Skills:
 + Level 15.0(20.0) Fighting
 * Level 17.5(22.5) Maces & Flails
 - Level 4.1(9.1) Throwing
 + Level 14.4(19.4) Armour
   Level 3.2(8.2) Shields
 - Level 8.0 Invocations


You had 14 spell levels left.
You didn't know any spells.

Dungeon Overview and Level Annotations

Branches:
Dungeon (15/15)            Temple (1/1) D:4            Lair (6/6) D:11
  Swamp (0/4) Lair:4       Spider (0/4) Lair:2        Slime (0/5) Lair:6
    Orc (2/2) D:9             Elf (0/3) Orc:2        Vaults (0/5) D:13
 Depths (0/5) D:15

Altars:
Ashenzari
Cheibriados
Elyvilon
Hepliaklqana
Kikubaaqudgha
Makhleb
Nemelex Xobeh
Okawaru
Qazlal
Trog
Uskayaw
Xom
Zin
Beogh
Jiyva

Shops:
D:4 [   Orc:2 =([=

Portals:
Trove: D:13 (give +4 storm dragon scales)

Annotations:
D:10 1 runed door, exclusion: door
Lair:3 exclusion: 4 oklob plants
Lair:6 exclusion: 4 oklob plants


Innate Abilities, Weirdness & Mutations

You are resistant to torment.
Your stone body is resilient. (AC +11)
You are immune to poison.
Your large and strong wings let you fly indefinitely.
You resist negative energy. (rN+)
You are resistant to electric shocks. (rElec)
You can survive without breathing.
You are immune to petrification.
You are immune to rotting.


Message History

You hit the minotaur.
The minotaur is heavily wounded.
The minotaur hits you with an iridescent great sword {slice}!!
The minotaur gores you.
You thump the minotaur!
The minotaur is severely wounded.
You barely miss the minotaur.
The minotaur furiously retaliates!
The minotaur headbutts you, but does no damage.
The minotaur is severely wounded.
The minotaur hits you with an iridescent great sword {slice}!!
The minotaur gores you!
* * * LOW HITPOINT WARNING * * *
You sock the minotaur!
The minotaur is almost dead.
The minotaur hits you but does no damage.
The minotaur gores you but does no damage.
You feel much better.
The minotaur hits you with an iridescent great sword {slice}!!!
* * * LOW HITPOINT WARNING * * *
You die...

#.# #.# # .#.# ## ##
#. #. #.#...
.#####.# #. .#####
.......... ......#
#######.######...#.
.......(@H..<# ....
######..######.###.#
#... ... .# # ....
###...###.#. ...# .
.#. # ##.###.8.#.#
#.8...8. ## #
##..#..## #... ..
8...8.....


You could see a minotaur (berserk).

Vanquished Creatures
  Gastronok (Lair:3)
  An orc warlord (Orc:2)
  A stone giant (Orc:2)
  5 dire elephants (Lair:6)
  Snorg (Lair:4)
  An ettin (D:14)
  Josephine (Lair:4)
  The ghost of bmj180 the Basher, a journeyman MiBe of Trog (D:11)
  Erolcha (D:9)
  6 hydras
  Erica (D:10)
  An anaconda (Lair:6)
  3 centaur warriors
  The ghost of p0werm0de the Cleaver, a novice DDFi of Makhleb (Orc:1)
  2 dancing weapons (D:13)
  7 death yaks
  4 two-headed ogres
  3 tengu warriors
  Sonja (Lair:4)
  An orc high priest (Orc:2)
  A deep elf knight (D:15)
  4 skeletal warriors (D:12)
  2 unseen horrors
  A deep elf archer (D:15)
  The ghost of Brandom the Covert, a novice NaWn of Cheibriados (D:6)
  2 orc knights
  2 manticores
  8 ugly things
  5 orc sorcerers
  A deep elf mage (D:13)
  2 cyclopes
  A black mamba (Lair:6)
  5 elephants
  11 spiny frogs
  A tengu conjurer (D:13)
  3 rime drakes
  6 komodo dragons
  7 trolls
  A queen bee (Lair:3)
  3 hornets
  A polar bear (Lair:3)
  A slime creature (D:12)
  2 tyrant leeches (Lair:4)
  20 blink frogs
  A meliai zombie (D:13)
  14 hippogriffs
  Sigmund (D:3)
  A shadow (D:11)
  A spriggan (Lair:3)
  7 wyverns
  3 wraiths (Lair:4)
  3 basilisks
  30 yaks
  2 hungry ghosts
  A steam dragon (D:13)
  5 vampire mosquitoes
  A warg (Orc:2)
  A harpy simulacrum (D:14)
  12 water moccasins
  7 porcupines
  4 sky beasts
  30 orc warriors
  4 black bears
  3 ice beasts
  9 ogres
  2 phantoms
  2 necrophages (D:10)
  10 wolves
  19 centaurs
  7 crocodiles
  4 big kobolds
  12 bullfrogs
  A wyvern zombie (D:14)
  A gnoll sergeant (D:6)
  6 scorpions
  51 killer bees
  9 howler monkeys
  4 wights (D:9)
  3 troll skeletons (Lab)
  3 centaur zombies
  6 crimson imps
  A bullfrog zombie (D:7)
  5 hounds
  11 jellies
  3 quasits
  A bullfrog skeleton (D:11)
  30 orc priests
  A gnoll shaman (D:5)
  6 centaur skeletons
  28 orc wizards
  6 iguanas
  12 worker ants
  An ogre skeleton (Lab)
  2 hound zombies
  A hound skeleton (D:5)
  2 worker ant zombies
  Robin (D:1)
  16 gnolls
  A howler monkey skeleton (D:4)
  15 adders
  2 river rats (Sewer)
  5 shadow imps
  11 oozes
  An adder zombie (D:8)
  An adder skeleton (D:5)
  8 worms
  A dart slug (D:1)
  6 leopard geckos
  134 orcs
  7 ball pythons
  6 giant cockroaches
  20 goblins
  19 hobgoblins
  8 jackals
  22 kobolds
  8 quokkas
  11 bats
  2 frilled lizards
  14 rats
  2 plants (Lair:6)
845 creatures vanquished.

Vanquished Creatures (others)
  A centaur zombie (D:6)
  2 jackals (D:6)
  4 fungi
  2 plants (Lair:6)
9 creatures vanquished.

Grand Total: 854 creatures vanquished

Notes
Turn   | Place    | Note
-------+----------+-------------------------------------------
     0 | D:1      | Sayu92 the Gargoyle Fighter began the quest for the Orb.
     0 | D:1      | Reached XP level 1. HP: 14/14 MP: 1/1
    57 | D:1      | Reached XP level 2. HP: 2/19 MP: 2/2
   595 | D:1      | Reached XP level 3. HP: 23/23 MP: 3/3
  1194 | D:2      | Reached skill level 3 in Maces & Flails
  1249 | D:2      | Noticed Robin
  1265 | D:1      | Reached XP level 4. HP: 10/29 MP: 4/4
  1484 | D:1      | Killed Robin
  1882 | D:2      | Reached XP level 5. HP: 30/33 MP: 5/5
  2134 | D:3      | Reached skill level 4 in Maces & Flails
  2184 | D:3      | Noticed Sigmund
  2209 | D:3      | Killed Sigmund
  2209 | D:3      | Reached XP level 6. HP: 22/40 MP: 6/6
  2440 | D:3      | HP: 1/40 [orc wizard/puff of flame (2)]
  2767 | D:2      | Reached skill level 5 in Maces & Flails
  2778 | D:2      | Reached skill level 5 in Fighting
  3174 | D:2      | Reached XP level 7. HP: 35/44 MP: 7/7
  3260 | D:2      | Reached skill level 5 in Armour
  3999 | D:4      | Found a staircase to the Ecumenical Temple.
  4019 | Temple   | Entered the Ecumenical Temple
  4065 | Temple   | Became a worshipper of Warmaster Okawaru
  4157 | D:4      | Reached skill level 6 in Maces & Flails
  4456 | D:4      | Found Issig's Antique Armour Boutique.
  4551 | D:4      | Reached XP level 8. HP: 45/51 MP: 8/8
  4807 | D:5      | Entered Level 5 of the Dungeon
  4861 | D:5      | Found a sparkling altar of Nemelex Xobeh.
  4944 | D:5      | Got a pitted diamond amulet
  5000 | D:5      | Identified the amulet "Cixzawn" {rElec rF- Regen+ Dex+2} (You found it on level 5 of the Dungeon)
  5028 | D:5      | Reached skill level 1 in Throwing
  5202 | D:5      | Reached skill level 7 in Maces & Flails
  5255 | D:5      | Reached * piety under Okawaru
  5422 | D:6      | Noticed Brandom's ghost (novice NaWn)
  5462 | D:6      | Killed Brandom's ghost
  5462 | D:6      | Reached ** piety under Okawaru
  5462 | D:6      | Reached skill level 8 in Maces & Flails
  5462 | D:6      | Reached XP level 9. HP: 35/57 MP: 1/9
  5512 | D:6      | Found a stormy altar of Qazlal.
  5735 | D:6      | Found a glowing drain.
  5747 | Sewer    | Entered a sewer
  6296 | Sewer    | Reached skill level 9 in Maces & Flails
  6479 | D:6      | Found a glowing silver altar of Zin.
  7023 | D:7      | Reached *** piety under Okawaru
  7411 | D:7      | Reached XP level 10. HP: 38/65 MP: 6/10
  8012 | D:8      | Reached skill level 10 in Maces & Flails
  8325 | D:8      | Found a shimmering altar of Xom.
  8366 | D:8      | You fall through a shaft for 3 floors!
  8366 | D:11     | Noticed a cyan ugly thing
  8391 | D:11     | Killed a cyan ugly thing
  8391 | D:11     | Reached **** piety under Okawaru
  8420 | D:10     | Entered Level 10 of the Dungeon
  8611 | D:9      | Noticed a two-headed ogre
  9245 | D:9      | Reached skill level 11 in Maces & Flails
  9340 | D:9      | Killed a two-headed ogre
  9340 | D:9      | Received a gift from Okawaru
  9773 | D:9      | Reached XP level 11. HP: 71/71 MP: 11/11
  9794 | D:9      | Noticed Erolcha
  9805 | D:9      | Killed Erolcha
 10138 | D:9      | Found a staircase to the Orcish Mines.
 10539 | D:10     | Reached ***** piety under Okawaru
 10539 | D:10     | Reached skill level 10 in Fighting
 10600 | D:10     | Noticed a two-headed ogre
 10615 | D:10     | Killed a two-headed ogre
 10615 | D:10     | Received a gift from Okawaru
 10615 | D:10     | Reached skill level 12 in Maces & Flails
 10636 | D:10     | Noticed a cyclops
 10734 | D:10     | Noticed Erica
 10755 | D:10     | Killed Erica
 11070 | D:10     | Noticed a sixfirhy
 11071 | D:10     | Found a runed door.
 11188 | D:10     | Received a gift from Okawaru
 11312 | D:11     | Noticed bmj180's ghost (journeyman MiBe)
 11339 | D:11     | Killed bmj180's ghost
 11746 | D:11     | Reached skill level 13 in Maces & Flails
 11778 | D:11     | Noticed a cyclops
 11779 | D:11     | Noticed a death yak
 11829 | D:10     | Killed a death yak
 11829 | D:10     | Reached XP level 12. HP: 67/79 MP: 8/12
 11904 | D:11     | Received a gift from Okawaru
 12076 | D:11     | Noticed a death yak
 12078 | D:11     | Noticed a death yak
 12079 | D:11     | Noticed a death yak
 12080 | D:11     | Noticed a death yak
 12080 | D:11     | Noticed a death yak
 12081 | D:11     | Noticed a death yak
 12092 | D:10     | Killed a death yak
 12097 | D:10     | Killed a death yak
 12097 | D:10     | Reached skill level 10 in Armour
 12422 | D:11     | Killed a death yak
 12488 | D:11     | Killed a death yak
 12604 | D:11     | Killed a death yak
 12786 | D:11     | Killed a death yak
 12786 | D:11     | Received a gift from Okawaru
 12790 | D:11     | Reached skill level 14 in Maces & Flails
 12904 | D:11     | Found a staircase to the Lair.
 13022 | D:11     | Noticed an eight-headed hydra
 13031 | D:11     | Killed an eight-headed hydra
 13180 | Lair:1   | Entered Level 1 of the Lair of Beasts
 13298 | Lair:1   | Found a hide-covered altar of Uskayaw.
 14051 | Lair:2   | Noticed a four-headed hydra
 14293 | Lair:2   | Reached XP level 13. HP: 63/86 MP: 10/13
 14753 | Lair:2   | Found a hole to the Spider Nest.
 14761 | Lair:2   | Reached skill level 15 in Maces & Flails
 15305 | Lair:3   | Noticed Gastronok
 15322 | Lair:3   | Killed Gastronok
 15322 | Lair:3   | Reached ****** piety under Okawaru
 15736 | Lair:3   | Reached skill level 1 in Invocations
 15776 | Lair:3   | Received a gift from Okawaru
 16398 | Lair:3   | Reached skill level 5 in Invocations
 16933 | Lair:4   | Noticed Snorg
 16976 | Lair:4   | Killed Snorg
 17225 | Lair:4   | Found a staircase to the Swamp.
 17393 | Lair:4   | Noticed Sonja
 17403 | Lair:4   | Killed Sonja
 17403 | Lair:4   | Gained mutation: Your large and strong wings let you fly indefinitely. [Gargoyle growth]
 17403 | Lair:4   | Reached XP level 14. HP: 94/94 MP: 18/18
 17539 | Lair:4   | Noticed Josephine
 17707 | Lair:4   | Killed Josephine
 18442 | Lair:5   | Received a gift from Okawaru
 19237 | D:4      | Bought a glowing plate armour for 728 gold pieces
 19589 | Lair:6   | Entered Level 6 of the Lair of Beasts
 19669 | Lair:6   | Received a gift from Okawaru
 19884 | Lair:6   | Received a gift from Okawaru
 20252 | Lair:6   | Found a runed door.
 20252 | Lair:6   | Found a viscous altar of Jiyva.
 20253 | Lair:6   | Found a staircase to the Slime Pits.
 20662 | Lair:6   | Noticed a dire elephant
 20662 | Lair:6   | Noticed a dire elephant
 20675 | Lair:6   | Noticed a dire elephant
 20696 | Lair:6   | Killed a dire elephant
 20699 | Lair:6   | Noticed a dire elephant
 20701 | Lair:6   | Killed a dire elephant
 20710 | Lair:6   | Killed a dire elephant
 20717 | Lair:6   | Killed a dire elephant
 20717 | Lair:6   | Received a gift from Okawaru
 20763 | Lair:6   | Got a heavily runed turquoise ring
 20767 | Lair:6   | Identified the ring of Sloth {rPois MR+} (You found it on level 6 of the Lair of Beasts)
 20816 | Lair:6   | Noticed a dire elephant
 20826 | Lair:6   | Killed a dire elephant
 21092 | Orc:1    | Entered Level 1 of the Orcish Mines
 21161 | Orc:1    | Noticed p0werm0de's ghost (novice DDFi)
 21333 | Orc:1    | Killed p0werm0de's ghost
 21493 | Orc:1    | Reached skill level 16 in Maces & Flails
 21951 | Orc:2    | Entered Level 2 of the Orcish Mines
 21975 | Orc:2    | Found a roughly hewn altar of Beogh.
 21999 | Orc:2    | Found a staircase to the Elven Halls.
 22114 | Orc:2    | Found a roughly hewn altar of Beogh.
 22506 | Orc:2    | Found a roughly hewn altar of Beogh.
 22673 | Orc:2    | Found a roughly hewn altar of Beogh.
 22697 | Orc:2    | Found Equ Wupn's Jewellery Shop.
 22914 | Orc:2    | Found a roughly hewn altar of Beogh.
 23023 | Orc:2    | Received a gift from Okawaru
 23360 | Orc:2    | Found Ufiulonk's Antique Weapon Shoppe.
 23361 | Orc:2    | Found a roughly hewn altar of Beogh.
 23376 | Orc:2    | Found Toikh's Antique Armour Emporium.
 23412 | Orc:2    | Bought a helmet for 144 gold pieces
 23456 | Orc:2    | Noticed an orc warlord
 23467 | Orc:2    | Killed an orc warlord
 23467 | Orc:2    | Reached XP level 15. HP: 100/100 MP: 18/21
 24283 | Orc:2    | Found a roughly hewn altar of Beogh.
 24290 | Orc:2    | Found Ohuis's Jewellery Shoppe.
 24823 | D:12     | Found a viscous altar of Jiyva.
 24828 | D:12     | Received a gift from Okawaru
 25231 | D:12     | Received a gift from Okawaru
 26056 | D:13     | Reached skill level 17 in Maces & Flails
 26131 | D:13     | Found a gate to the Vaults.
 26795 | D:13     | Found a portal to a secret trove of treasure.
 27172 | D:14     | Received a gift from Okawaru
 27209 | D:14     | Found a shattered altar of Ashenzari.
 27886 | D:15     | Entered Level 15 of the Dungeon
 28207 | D:15     | Reached skill level 15 in Fighting
 28236 | D:15     | Found a labyrinth entrance.
 28270 | Lab      | Entered a labyrinth
 28737 | Lab      | Identified the +1 great sword "Beetleslayer" {slice, rF- MP+9 SInv Stlth+}
 28737 | Lab      | Slain by a minotaur

Skill      XL: |  1  2  3  4  5  6  7  8  9 10 11 12 13 14 15 |
---------------+----------------------------------------------+-----
Maces & Flails | 3 4 5 6 8 9 11 13 14 15 16 17 | 17.5
Fighting       | 4 5 7 8 9 10 12 13 14 15 | 15.0
Armour         | 4 5 6 8 9 11 12 13 14 | 14.4
Throwing       | 3 4 |  4.1
Invocations    | 6 8 |  8.0
Shields        | |  3.2

Action                   |  1- 3 |  4- 6 |  7- 9 | 10-12 | 13-15 || total
-------------------------+-------+-------+-------+-------+-------++-------
Melee: Flail             |   139 |   215 |   589 |   544 |       ||  1487
       Great mace        |       |       |       |   267 |  1325 ||  1592
Throw: Tomahawk          |       |       |    66 |   181 |   200 ||   447
Invok: Heroism           |       |       |     1 |     7 |    24 ||    32
       Finesse           |       |       |       |       |     2 ||     2
Evoke: Wand              |       |       |       |       |     1 ||     1
  Use: Scroll            |     3 |     2 |     9 |     5 |     7 ||    26
       Potion            |     1 |     1 |     5 |       |     2 ||     9
 Stab: Distracted        |       |       |       |       |     1 ||     1
  Eat: Chunk             |     1 |     6 |    15 |    21 |    30 ||    73
       Fruit             |       |     1 |       |     2 |     2 ||     5
       Bread ration      |       |       |       |     2 |     4 ||     6
Armor: Scale mail        |    72 |    44 |       |       |       ||   116
       Chain mail        |       |    11 |       |       |       ||    11
       Ring mail         |       |    82 |   280 |    92 |       ||   454
       Plate armour      |       |       |       |   609 |  1174 ||  1783
Dodge: Dodged            |    49 |    86 |   168 |   222 |   506 ||  1031
Block: Shield            |    83 |   110 |   284 |   264 |       ||   741
       Other             |       |       |       |    25 |   171 ||   196
       Reflection        |       |       |       |       |     5 ||     5
